 Dungeon Crawl Stone Soup version 0.22.0-76-g6cd1571672 (webtiles) character file.

210 Grim the Ruffian (level 5, 45/45 HPs)
             Began as a Ghoul Monk on Sept 15, 2018.
             Quit the game on level 3 of the Dungeon.
             The game lasted 00:03:23 (2454 turns).

Grim the Ruffian (Ghoul Monk)                       Turns: 2454, Time: 00:03:23

Health: 45/45      AC: 10    Str: 15    XL:     5   Next: 87%
Magic:  4/4        EV:  7    Int:  5    God:
Gold:   172        SH:  0    Dex: 12    Spells: 4/4 levels left

rFire    + . .     SeeInvis .     - Unarmed
rCold    + . .     Gourm    .   (no shield)
rNeg     + + +     Faith    .   p - +1 chain mail {rF+}
rPois    ∞         Spirit   .   (no helmet)
rElec    .         Reflect  .   s - +0 cloak
rCorr    .         Harm     .   (no gloves)
MR       .....                  (no boots)
Stlth    ..........             (no amulet)
HPRegen  0.00/turn              (no ring)
MPRegen  0.09/turn              (no ring)

@: rotting
A: rotting body, claws 1, carnivore, cold resistance 1, negative energy
resistance 3, inhibited regeneration, torment resistance, unbreathing
a: no special abilities


You were on level 3 of the Dungeon.
You were not hungry.

You visited 1 branch of the dungeon, and saw 3 of its levels.

You collected 172 gold pieces.

Inventory:

Armour
 p - a +1 chain mail of fire resistance (worn)
 s - a +0 cloak (worn)
Scrolls
 d - 2 scrolls of identify {unknown}
 f - 4 scrolls of teleportation
 g - 2 scrolls of remove curse {unknown}
 j - 2 scrolls of enchant armour {unknown}
 m - a scroll of immolation {unknown}
 n - a scroll of blinking {unknown}
 r - a scroll of amnesia {unknown}
 t - a scroll of random uselessness {unknown}
Potions
 a - a potion of curing {unknown}
 c - a potion of magic {unknown}
 e - 2 potions of flight {unknown}
 h - a potion of might {unknown}
 i - a potion of heal wounds {unknown}
 k - 4 potions of ambrosia {unknown}
 l - a potion of mutation {unknown}
 o - a potion of agility {unknown}
 q - a potion of haste {unknown}
Comestibles
 b - 6 rations


   Skills:
 - Level 3.2 Fighting
 - Level 2.6 Dodging
 - Level 2.1 Stealth
 + Level 7.0 Unarmed Combat


You had 4 spell levels left.
You didn't know any spells.
Your spell library was empty.

Dungeon Overview and Level Annotations

Branches:
Dungeon (3/15)

Altars:
Dithmenos
Sif Muna


Innate Abilities, Weirdness & Mutations

Your body is rotting away.
You thrive on raw meat.
You are immune to poison.
You have sharp fingernails.
You are carnivorous and can eat meat at any time.
Your flesh is cold resistant. (rC+)
You are immune to negative energy. (rN+++)
You do not regenerate when monsters are visible.
You are immune to unholy pain and torment.
You can survive without breathing.


Message History

The frilled lizard barely misses you.
You scratch the frilled lizard.
You kill the frilled lizard!
The quokka barely misses you.
You closely miss the quokka.
The quokka bites you but does no damage.
You closely miss the quokka.
The quokka bites you but does no damage.
Your chain mail prevents you from hitting the quokka.
The quokka barely misses you.
You claw the quokka!
You kill the quokka!
No target in view!
d - 2 scrolls labeled BANNASTRYFEU (gained 1)
There is a stone staircase leading down here.
A hobgoblin comes into view.
The hobgoblin shouts!
The hobgoblin moves out of view.
The hobgoblin is too close now for your liking.
Are you sure you want to abandon this character and quit the game? (Confirm

######## #.......
#.###### ####.#
#....# ########....#
#### #..>...+....#
#... #@#..###....#
#...
#.#.........###...
g.#...##....#.....
.###...##....#.#...
#. .......§§..#....#
#..##.#.._§####....#
#. #.#...§####....#
#..##.....§§........
...................


You could see a hobgoblin.

Vanquished Creatures
  An ice beast (D:3)
  Terence (D:3)
  4 adders
  An ooze (D:1)
  2 worms (D:2)
  A leopard gecko (D:2)
  3 giant cockroaches
  5 goblins
  6 hobgoblins
  A quokka (D:3)
  5 bats
  2 frilled lizards
  8 kobolds
  6 rats (D:1)
46 creatures vanquished.

Notes
Turn   | Place    | Note
-------+----------+-------------------------------------------
     0 | D:1      | Grim the Ghoul Monk began the quest for the Orb.
     0 | D:1      | Reached XP level 1. HP: 19/19 MP: 0/0
   240 | D:1      | Reached XP level 2. HP: 22/26 MP: 1/1
   348 | D:1      | Reached skill level 4 in Unarmed Combat
   705 | D:1      | Reached XP level 3. HP: 31/31 MP: 2/2
  1106 | D:2      | Reached skill level 5 in Unarmed Combat
  1517 | D:2      | Found a deep blue altar of Sif Muna.
  1844 | D:3      | Noticed an ice beast
  1860 | D:3      | Killed an ice beast
  1860 | D:3      | Reached skill level 6 in Unarmed Combat
  1860 | D:3      | Reached XP level 4. HP: 19/38 MP: 3/3
  1860 | D:3      | Reached XP level 5. HP: 23/45 MP: 4/4
  2017 | D:3      | Noticed Terence
  2028 | D:3      | Killed Terence
  2104 | D:3      | Found a shadowy altar of Dithmenos.
  2218 | D:3      | Reached skill level 7 in Unarmed Combat
  2454 | D:3      | Quit the game

Skill      XL: |  1  2  3  4  5 |
---------------+----------------+-----
Unarmed Combat | 4 6 7 |  7.0
Fighting       | |  3.2
Dodging        | |  2.6
Stealth        | |  2.1

Action                   |  1- 3 |  4- 6 || total
-------------------------+-------+-------++-------
Melee: Unarmed           |   137 |    44 ||   181
       Punch             |     1 |     1 ||     2
  Use: Scroll            |       |     1 ||     1
 Stab: Sleeping          |     5 |       ||     5
  Eat: Chunk             |     6 |     4 ||    10
Armor: Robe              |    22 |     1 ||    23
       Chain mail        |       |    15 ||    15
Dodge: Dodged            |    88 |    19 ||   107
